 Dungeon Crawl Stone Soup version 0.29.1-2-gbd0b4ee654 (webtiles) character file.

Game seed: 14616067520601516815

90 LustLizard the Insei (level 4, -2/30 HPs)
             Began as an Octopode Transmuter on Nov 29, 2022.
             Slain by an iguana (4 damage)
             ... on level 3 of the Dungeon.
             The game lasted 00:03:46 (2640 turns).

LustLizard the Insei (Octopode Transmuter)          Turns: 2640, Time: 00:03:47

Health: -2/30      AC:  1    Str:  9    XL:     4   Next: 56%
Magic:  6/7        EV: 13    Int: 17    God:
Gold:   128        SH:  0    Dex: 12    Spells: 4/7 levels left

rFire   . . .      SeeInvis .     - Unarmed
rCold   . . .      Faith    .   (no shield)
rNeg    . . .      Spirit   .   (helmet currently unavailable)
rPois   .          Reflect  .   (no amulet)
rElec   .          Harm     .   (no ring)
rCorr   .          Rampage  .   (no ring)
Will    .....                   (no ring)
Stlth   ++........              (no ring)
HPRegen 0.10/turn               (no ring)
MPRegen 0.10/turn               (no ring)
                                (no ring)
                                (no ring)

@: appendages
A: tentacle spike 3, almost no armour, amphibious, 8 rings, camouflage 1,
gelatinous body 1, (nimble swimmer 1), tentacles
a: End Transformation


You were on level 3 of the Dungeon.
One of your tentacles had grown a beastly spike.
You visited 1 branch of the dungeon, and saw 3 of its levels.

You collected 128 gold pieces.

Inventory:

Wands
 m - a wand of roots (9)
Scrolls
 c - a scroll of amnesia {unknown}
 h - a scroll of noise {unknown}
 j - a scroll of immolation {unknown}
 k - a scroll of brand weapon {unknown}
 l - a scroll of fear {unknown}
 n - a scroll of poison {unknown}
 o - 3 scrolls of identify
Potions
 a - 2 potions of lignification
 b - a potion of magic
 d - a potion of curing
 e - a potion of might
 f - a potion of attraction
 g - a potion of brilliance {unknown}
 i - a potion of heal wounds


   Skills:
 + Level 2.5 Fighting
 - Level 2.0 Dodging
 + Level 3.7 Unarmed Combat
 - Level 2.0 Spellcasting
 + Level 3.1 Transmutations


You had 4 spell levels left.
You knew the following spells:

 Your Spells              Type           Power      Damage    Failure   Level
a - Beastly Appendage     Tmut           24%        N/A       5%          1
b - Wereblood             Tmut           12%        N/A       8%          2

Your spell library contained the following spells:

 Spells                   Type           Power      Damage    Failure   Level
 Spider Form              Tmut/Pois      7%         N/A       30%         3
 Summon Guardian Golem    Hex/Summ       1%         N/A       50%         3
 Ice Form                 Ice/Tmut       7%         N/A       69%         4
 Orb of Destruction       Conj           0%         9d5       100%        7
 Spellforged Servitor     Conj/Summ      0%         N/A       100%        7


Dungeon Overview and Level Annotations

Branches:
Dungeon (3/15)

Altars:


Innate Abilities, Weirdness & Mutations

One of your tentacles has grown a beastly spike.
You cannot wear most types of armour.
You are amphibious.
You can wear up to eight rings at the same time.
Your skin changes colour to match your surroundings (Stealth+).
Your rubbery body absorbs attacks. (AC +1, EV +1)
((You are camouflaged when in or above water. (Stealth+)))
You have tentacles for arms and can constrict up to eight enemies at once.


Message History

You tentacle-slap the worm. You grab the worm.
You pierce the worm.
You squeeze the worm.
The worm is heavily wounded.
You constrict the worm.
You tentacle-slap the worm but do no damage.
You squeeze the worm.
The worm is severely wounded.
You constrict the worm. The worm closely misses you.
You completely miss the worm.
Your tentacle spike misses the worm.
The worm is severely wounded.
You constrict the worm. You tentacle-slap the worm.
You pierce the worm.
You kill the worm!
Your transformation is almost over.
You see here a worm corpse.
Your tentacle spike disappears.
You now have 110 gold pieces (gained 8).
You now have 128 gold pieces (gained 18).
An endoplasm comes into view.
You see here 3 scrolls of identify.
o - 3 scrolls of identify An iguana comes into view.
The iguana hisses angrily.
The iguana moves out of view.
The iguana bites you.
You tentacle-slap the iguana. Your grab misses the iguana.
The iguana is lightly wounded.
The iguana bites you!
Ouch! That really hurt!
The endoplasm quivers.
Casting: Beastly Appendage (safe; 5% risk of failure)
Confirm with . or Enter, or press ? or * to list all spells.
One of your tentacles grows a vicious spike.
The iguana bites you!
* * * LOW HITPOINT WARNING * * *
You tentacle-slap the iguana. Your grab misses the iguana.
You pierce the iguana, but do no damage.
The iguana is moderately wounded.
The iguana bites you.
You die...

..# # #. .# ..#### ###. #.#.# #.
#.####### ...... ....##.#.#
#.####.......# ..# .........#
#..........#.# ..# .........#
#..........#.# ..# .........#
#..........#.# ..#
.........#.#..........#.. #.#
.......l.#...............
#.######.......J@####............
.......+.....................#...
#.######........##########.#.#.#.
#.##### ......... #.#.#.#.
......# ########. #.#.#.#.
......# . ....#.#.#.
......####### .#.# #...#.#.#.
............# #.# #...#.#.#.
......<.....# #.# #...# #.#.


You could see an iguana and an endoplasm.

Vanquished Creatures
  Robin (D:2)
  A gnoll (D:1)
  2 worms
  A dart slug (D:1)
  3 orcs
  3 ball pythons (D:1)
  3 endoplasms
  4 giant cockroaches
  13 goblins
  2 hobgoblins
  7 kobolds
  2 quokkas (D:1)
  7 bats
  A frilled lizard (D:1)
  4 rats
54 creatures vanquished.

Notes
Turn   | Place    | Note
-------+----------+-------------------------------------------
     0 | D:1      | LustLizard the Octopode Transmuter began the quest for the
                  | Orb.
     0 | D:1      | Reached XP level 1. HP: 13/13 MP: 3/3
    65 | D:1      | Found a faded altar of an unknown god.
   398 | D:1      | Reached XP level 2. HP: 9/18 MP: 5/5
   566 | D:1      | Learned a level 2 spell: Wereblood
   769 | D:1      | Reached XP level 3. HP: 12/24 MP: 3/6
  1732 | D:2      | Noticed Robin
  1908 | D:2      | Killed Robin
  1909 | D:2      | Reached XP level 4. HP: 27/29 MP: 4/7
  2640 | D:3      | Slain by an iguana

Illustrated notes

Levels and vault maps discovered:
D:1:      dpeg_arrival_line_fractal, layout_basic,
          dreamdust_ecumenical_altar_grove, hangedman_decor_growths,
          minmay_misc_feat_cross, chequers_garden, chequers_serial_rivers_marsh
D:2:      layout_rooms, nicolae_elevator_lobby_asterisk, uniq_robin
D:3:      layout_basic, minmay_starry_boxes, uniq_ijyb

Skill      XL: |  1  2  3  4 |
---------------+-------------+-----
Fighting       | 2 |  2.5
Transmutations | 3 |  3.1
Dodging        | |  2.0
Unarmed Combat | |  3.7
Spellcasting   | |  2.0

Action                   |  1- 3 |  4- 6 || total
-------------------------+-------+-------++-------
Melee: Unarmed           |    82 |    47 ||   129
       Constrict         |    22 |    14 ||    36
       Tentacles         |    17 |    10 ||    27
       Punch             |     2 |     1 ||     3
       Kick              |    11 |     9 ||    20
 Cast: Beastly Appendage |     8 |     4 ||    12
       Wereblood         |     3 |     2 ||     5
  Use: Scroll            |     3 |     2 ||     5
       Potion            |       |     1 ||     1
 Stab: Sleeping          |    10 |     1 ||    11
Armor: Skin              |     9 |     5 ||    14
Dodge: Dodged            |    35 |    27 ||    62
